 Dungeon Crawl Stone Soup version 0.30.1-11-g7821555f0a (webtiles) character file.

Game seed: 2173662089890820898

67 Peloso the Covered (level 4, 0/40 HPs)
             Began as a Minotaur Fighter on Nov 29, 2023.
             Slain by a gnoll
             ... wielding a +2 spear of venom
              (8 damage)
             ... on level 3 of the Dungeon.
             The game lasted 00:05:38 (1563 turns).

Peloso the Covered (Minotaur Fighter)               Turns: 1563, Time: 00:05:38

Health: 0/40       AC:  8    Str: 21    XL:     4   Next: 0%
Magic:  3/3        EV:  9    Int:  5    God:
Gold:   142        SH:  4    Dex: 11    Spells: 3/3 levels left

rFire   . . .        a - +0 long sword
rCold   . . .        d - +0 buckler
rNeg    . . .        b - +0 scale mail
rPois   .            (helmet restricted)
rElec   .            (no cloak)
rCorr   .            c - +0 pair of gloves
SInv    .            (no boots)
Will    +....        (no amulet) Stlth
                     g - ring of willpower
HPRegen 0.26/turn    (no ring)
MPRegen 0.08/turn

%: no passive effects
@: lethally poisoned (0 -> -2)
A: horns 2, retaliatory headbutt
a: no special abilities


You were on level 3 of the Dungeon.
You visited 1 branch of the dungeon, and saw 3 of its levels.

You collected 142 gold pieces.

Inventory:

Hand Weapons
 a - a +0 long sword (weapon)
Armour
 b - a +0 scale mail (worn)
 c - a +0 pair of gloves (worn)
 d - a +0 buckler (worn)
Jewellery
 g - a ring of willpower (left hand)
Scrolls
 i - a scroll of immolation {unknown}
 j - a scroll of silence {unknown}
 k - a scroll of enchant armour {unknown}
 m - 2 scrolls of identify
Potions
 e - 2 potions of might
 f - a potion of invisibility
 h - 2 potions of brilliance
 l - a potion of flight {unknown}


   Skills:
 + Level 4.3 Fighting
 + Level 3.2 Long Blades
 + Level 4.4 Armour
 + Level 0.3 Stealth
 + Level 4.1 Shields


You had 3 spell levels left.
You didn't know any spells.
Your spell library was empty.

Dungeon Overview and Level Annotations

Branches:
Dungeon (2/15)

Altars:


Innate Abilities, Weirdness & Mutations

You have a pair of horns on your head.
You reflexively headbutt those who attack you in melee.


Message History

You see here a ball python corpse.
(D) Dungeon
Where to? (Enter - D:12, ? - help)
Okay, then.
The gnoll hits you with a +0 spear.
You slash the gnoll! Your headbutt misses the gnoll.
The gnoll is severely wounded.
The gnoll hits you with a +0 spear. The gnoll barely misses you.
Unknown command.
You barely miss the gnoll.
The gnoll is severely wounded.
The gnoll hits you from afar with a +0 spear.
Unknown command.
You closely miss the gnoll. Your headbutt misses the gnoll.
The gnoll is severely wounded.
The gnoll barely misses you. You block the gnoll's attack.
Unknown command.
You hit the gnoll.
You kill the gnoll!
The gnoll hits you from afar with a +0 spear.
The gnoll hits you but does no damage.
You have reached level 4!
You feel stronger.
The gnoll hits you but does no damage. x2
You are poisoned.
You barely miss the gnoll.
The gnoll is lightly wounded.
You feel sick. The gnoll hits you with a +0 spear.
* * * LOW HITPOINT WARNING * * *
The gnoll barely misses you.
Unknown command.
You barely miss the gnoll.
The gnoll is lightly wounded.
You feel sick. The gnoll closely misses you. You block the gnoll's attack.
Unknown command.
You hit the gnoll.
The gnoll is heavily wounded.
You feel sick. The gnoll barely misses you.
The gnoll hits you from afar with a +2 spear of venom!
You die...

####
#...
#.######
.#....##
#.....#
#?....#
#.....#
#.)g@.#
#.g####
#†## #.#
#.# #g#
#.# ###
#g#
#..###
#.#


You could see 2 gnolls.

Vanquished Creatures
  Robin (D:2)
  An adder (D:2)
  A gnoll (D:3)
  4 endoplasms
  3 giant cockroaches (D:1)
  8 goblins
  5 hobgoblins
  3 kobolds (D:1)
  A quokka (D:2)
  5 ball pythons
  4 bats
  2 frilled lizards
  3 rats
41 creatures vanquished.

Vanquished Creatures (others)
  4 goblins (D:2)
4 creatures vanquished.

Grand Total: 45 creatures vanquished

Notes
Turn   | Place    | Note
-------+----------+-------------------------------------------
     0 | D:1      | Peloso the Minotaur Fighter began the quest for the Orb.
     0 | D:1      | Reached XP level 1. HP: 19/19 MP: 0/0
   296 | D:1      | Found a faded altar of an unknown god.
   300 | D:1      | Reached XP level 2. HP: 24/27 MP: 1/1
  1140 | D:2      | Noticed Robin
  1145 | D:2      | Reached XP level 3. HP: 21/33 MP: 2/2
  1161 | D:2      | Killed Robin
  1508 | D:2      | You fall into a shaft and drop 1 floor!
  1558 | D:3      | Reached XP level 4. HP: 14/40 MP: 3/3
  1563 | D:3      | Slain by a gnoll

Illustrated notes

Levels and vault maps discovered:
D:1:      erik_arrival_cave_to_civilisation [erik_arrival_cave_to_hall],
          layout_basic, basic_ecumenical_altar
D:2:      layout_rooms, uniq_robin
D:3:      layout_basic, serial_co_window_serial, co_window_of_opportunity_a,
          co_window_corner_a, co_window_corner_a, co_window_corner_a,
          co_window_of_opportunity_a, co_window_corner_a, co_window_paths_a,
          co_window_broadway_a, co_window_paths_c, co_window_corner_b,
          co_window_of_opportunity_b, co_window_corner_b, co_window_broadway_c,
          co_window_corner_b, glass_columns_c, serial_shops, shop,
          kennysheep_generic_room_3

Skill      XL: |  1  2  3 |
---------------+----------+-----
Fighting       | 4 |  4.3
Armour         | 4 |  4.4
Shields        | 4 |  4.1
Long Blades    | 3 |  3.2
Stealth        | |  0.3

Action                     |  1- 3 |  4- 6 || total
---------------------------+-------+-------++-------
  Melee: Long sword        |    85 |     3 ||    88
         Headbutt          |    17 |       ||    17
    Use: Potion            |     3 |       ||     3
         Scroll            |     2 |       ||     2
   Stab: Invisible         |     1 |       ||     1
 Armour: Scale mail        |    42 |     2 ||    44
  Dodge: Dodged            |    59 |     3 ||    62
  Block: Buckler           |    22 |     1 ||    23
